AoeStats
← Oscar Romaci

MegaRandom

509727776Analyzed
3v3 RM · 3d ago on Sep 27, 2026· 53m 14s· 6 players
Game mode
Random Map
Map size
Normal (6 player)
Population
200
Speed
Normal
Resources
Standard
Victory
Conquest
Starting age
Dark Age
Ending age
Imperial Age
RankedLock teamsTeams togetherTeam positionsShared explorationLock speedFull tech treeHidden civsTurbo modeCheats
Victory
Defeat
🇦🇷 Italians · Argentina
732
+12
🇷🇺 Franks · Russia
698
+14
🇦🇷 Ethiopians · Argentina
685
+14
🇲🇽 Bohemians · Mexico
712
-26
🇺🇸 Byzantines · United States
644
-13
🇹🇷 Huns · Türkiye
600
-12
Oscar Romaci
12:10 Feudal Age
13:46 Wheelbarrow
13:04 Double-Bit Axe
21:02 Castle Age
25:36 Bow Saw
26:19 Hand Cart
28:31 Fishing Lines
31:14 Demolition Ship
32:08 Padded Archer Armor
32:09 Scale Mail Armor
32:20 Forging
33:56 Gillnets
38:45 Husbandry
43:19 Iron Casting
42:35 Fletching
43:02 Leather Archer Armor
43:23 Ballistics
43:12 Siphons
46:25 Wagenburg Tactics
48:20 Bodkin Arrow
48:43 Chain Mail Armor
48:34 Scale Barding Armor
49:41 Chemistry
48:34 Arson
51:23 Murder Holes
hawyak12
0:43 Loom
15:42 Feudal Age
20:54 Wheelbarrow
20:05 Town Watch
20:03 Horse Collar
20:10 Fishing Lines
21:26 Fishing Lines
22:57 Stone Mining
22:58 Gold Mining
23:56 Double-Bit Axe
28:03 Castle Age
26:16 Scale Barding Armor
27:18 Forging
27:09 Scale Mail Armor
29:06 Squires
28:26 Pikeman
28:51 Arson
29:26 Chain Mail Armor
30:56 Marauders
32:16 Gillnets
31:48 Demolition Ship
33:18 Iron Casting
39:07 Imperial Age
37:31 Medium Warships
37:53 Bow Saw
38:05 Heavy Plow
38:09 Fletching
38:20 Padded Archer Armor
40:11 Hand Cart
39:57 Town Patrol
Icetor
14:34 Feudal Age
15:41 Fishing Lines
17:30 Wheelbarrow
18:55 Horse Collar
21:18 Castle Age
19:10 Double-Bit Axe
23:13 Bow Saw
23:06 Heavy Plow
24:06 Gillnets
25:46 Stone Mining
29:10 Hand Cart
34:36 Pikeman
36:29 Forging
36:19 Scale Mail Armor
36:25 Scale Barding Armor
36:39 Man-at-Arms
37:05 Gambesons
37:21 Squires
37:06 Arson
federicoibanez
5:32 Loom
13:22 Feudal Age
14:51 Wheelbarrow
16:07 Double-Bit Axe
16:15 Gold Mining
22:41 Castle Age
23:46 Hand Cart
24:32 Bow Saw
25:03 Medium Warships
26:27 Gold Shaft Mining
25:46 Stone Mining
25:35 Pikeman
26:16 Squires
26:31 Forging
26:22 Scale Mail Armor
26:59 Husbandry
28:38 Town Watch
35:24 Imperial Age
34:55 Siphons
34:47 Murder Holes
34:41 Demolition Ship
38:56 Conscription
38:03 Ordonnance Companies
42:30 Chemistry
41:50 Ballistics
43:16 Siege Engineers
46:18 Clinker Construction
45:50 Cavalier
50:48 Scale Barding Armor
51:19 Iron Casting
51:00 Chain Mail Armor
51:42 Chivalry
52:10 Chain Barding Armor
.
11:19 Feudal Age
11:55 Double-Bit Axe
17:58 Castle Age
16:06 Horse Collar
17:22 Loom
19:40 Scale Barding Armor
20:02 Heavy Plow
24:26 Chain Barding Armor
27:05 Ballistics
26:42 Murder Holes
27:38 Wheelbarrow
30:04 Bloodlines
34:46 Imperial Age
32:41 Husbandry
32:55 Forging
35:26 Hand Cart
37:00 Hoardings
38:22 Chemistry
37:14 Fletching
38:09 Plate Barding Armor
37:37 Town Watch
39:37 Iron Casting
40:44 Bodkin Arrow
42:37 Conscription
43:39 Bracer
44:40 Blast Furnace
45:15 Elite Cannon Galleon
50:27 Town Patrol
50:30 Padded Archer Armor
50:31 Scale Mail Armor
ibm9000
0:50 Loom
16:15 Feudal Age
18:50 Wheelbarrow
18:01 Town Watch
21:45 Horse Collar
21:56 Double-Bit Axe
22:05 Gold Mining
22:06 Stone Mining
26:20 Man-at-Arms
37:10 Castle Age
38:50 Bow Saw
38:35 Fletching
38:46 Padded Archer Armor
38:56 Heavy Plow
42:08 Medium Warships
41:24 Demolition Ship
42:58 Royal Heirs
42:47 Long Swordsman
43:28 Squires
43:13 Arson
46:36 Forging
54:04 Imperial Age
Connection lost

Rejoining the realm…

Still unreachable

The connection could not be restored.

Session expired

The server has moved on; the page needs a fresh start.